 Dungeon Crawl Stone Soup version 0.22.0-60-ga52c2fcf6e (webtiles) character file.

9237 IceCat the Cleaver (level 11, -13/84 HPs)
             Began as a Formicid Abyssal Knight on Sept 11, 2018.
             Was an Elder of Lugonu.
             Killed from afar by Nergalle (14 damage)
             ... with a bolt of negative energy
             ... on level 10 of the Dungeon.
             The game lasted 00:38:36 (11751 turns).

IceCat the Cleaver (Formicid Abyssal Knight)       Turns: 11751, Time: 00:38:37

Health: -13/84     AC: 12    Str: 18    XL:     11   Next: 70%
Magic:  26/26      EV:  7    Int: 12    God:    Lugonu [****..]
Gold:   665        SH: 10    Dex: 12    Spells: 10/10 levels left

rFire    . . .     SeeInvis +   a - +4 war axe (flame)
rCold    . . .     Gourm    .   x - +0 shield
rNeg     . . .     Faith    .   M - +0 chain mail
rPois    .         Spirit   .   (helmet unavailable)
rElec    .         Reflect  .   (no cloak)
rCorr    .         Harm     .   r - +0 pair of gloves
MR       +....                  F - +0 pair of boots
Stlth    ..........             (no amulet)
HPRegen  0.24/turn              m - ring of magical power
MPRegen  0.20/turn              (no ring)

@: heavily drained
A: permanent stasis, dig shafts and tunnels, four strong arms, antennae 3
a: Dig, Shaft Self, Depart the Abyss, Bend Space, Banish, Corrupt, Renounce
Religion


You were on level 10 of the Dungeon.
You worshipped Lugonu.
Lugonu was greatly pleased with you.
You were hungry.

You visited 2 branches of the dungeon, and saw 11 of its levels.
You visited the Abyss 1 time.

You collected 665 gold pieces.

Inventory:

Hand Weapons
 a - a +4 war axe of flaming (weapon)
 g - a +2 whip of electrocution
 t - a +1 hand axe of flaming
 A - a +5 club
 E - a +4 hand axe
Armour
 k - a scarf of spirit shield
 r - a +0 pair of gloves (worn)
 v - a +0 ring mail
 x - a +0 shield (worn)
 F - a +0 pair of boots (worn)
 G - a +0 buckler
 J - a +0 cloak
 M - a +0 chain mail (worn)
Jewellery
 m - a ring of magical power (left hand)
Wands
 b - a wand of disintegration (11)
 z - a wand of paralysis (5)
 D - a wand of enslavement (4)
Scrolls
 d - 5 scrolls of noise
 h - 3 scrolls of remove curse
 j - 2 scrolls of random uselessness {unknown}
 o - 6 scrolls of teleportation
 p - 3 scrolls of amnesia {unknown}
 q - 4 scrolls of identify
 u - 2 scrolls of immolation {unknown}
 w - 2 scrolls of magic mapping
 y - 2 scrolls of enchant armour {unknown}
 C - a scroll of fog
 H - 2 scrolls of blinking {unknown}
 K - a scroll of enchant weapon {unknown}
Potions
 e - 4 potions of lignification
 f - a potion of resistance
 i - a potion of heal wounds
 l - 5 potions of agility
 n - a potion of mutation {unknown}
 s - a potion of brilliance {unknown}
 B - 2 potions of curing {unknown}
 I - a potion of invisibility {unknown}
 L - a potion of degeneration {unknown}
 N - a potion of magic {unknown}
Comestibles
 c - 7 rations
 O - 6 chunks of flesh


   Skills:
 + Level 7.6(5.5) Fighting
 * Level 9.7(7.5) Axes
 - Level 0.8(4.1) Maces & Flails
 + Level 7.6(5.5) Armour
 + Level 4.6(2.7) Dodging
 - Level 2.4(0.6) Stealth
 * Level 8.1(6.0) Shields
 * Level 9.2(7.0) Invocations
 + Level 0.5(0.0) Evocations


You had 10 spell levels left.
You didn't know any spells.
Your spell library contained the following spells:

 Spells                   Type           Power        Failure   Level  Hunger
 Animate Skeleton         Necr           N/A          100%        1    ##.....
 Apportation              Tloc           #.....       100%        1    ##.....
 Confusing Touch          Hex            #.....       100%        1    ##.....
 Flame Tongue             Conj/Fire      #....        100%        1    ##.....
 Summon Small Mammal      Summ           #...         100%        1    ##.....
 Slow                     Hex            #.......     100%        2    ###....


Dungeon Overview and Level Annotations

Branches:
Dungeon (10/15)            Temple (1/1) D:6            Lair (0/6) D:9
    Orc (0/2) D:9

Altars:
Ashenzari
Cheibriados
Dithmenos
Elyvilon
Fedhas
Gozag
Hepliaklqana
Kikubaaqudgha
Makhleb
Nemelex Xobeh
Okawaru
Qazlal
Ru
Sif Muna
Trog
Uskayaw
Vehumet
Wu Jian
Xom
Yredelemnul
Zin
The Shining One

Shops:
D:5 (

Annotations:
D:10 Nergalle
Abyss:1 Joseph


Innate Abilities, Weirdness & Mutations

You cannot be hasted, slowed, berserked, paralysed or teleported.
You can dig through walls and to a lower floor.
Your four strong arms can wield two-handed weapons with a shield.
You have a pair of large antennae on your head. (SInv)


Message History

Nergalle is heavily wounded.
The spectral orc warrior hits you but does no damage.
Nergalle hits you but does no damage.
Unknown command.
You slash Nergalle! You burn Nergalle.
Nergalle is severely wounded.
You block the spectral orc warrior's attack.
You block Nergalle's attack.
You block the spectral orc warrior's attack.
Unknown command.
Your chain mail prevents you from hitting Nergalle.
Nergalle is severely wounded.
Nergalle gestures at you while chanting.
The bolt of negative energy hits you!
You feel drained.
* * * LOW HITPOINT WARNING * * *
The spectral orc warrior hits you from afar with a trident.
* * * LOW HITPOINT WARNING * * *
Nergalle points at you and mumbles some strange words.
The bolt of negative energy hits you!
You feel drained.
You die...

#.............#
#.............#
#............##
####..........##
####..#.....### ###
###......$.## #.####
##...##o....##
#....########...####.....#
#........@oZ†..##.........
#..##########..#.$........
#..# #..........oh. #.##
##............ #.#
#............ #.##########
##...........
##........... #...........
#............ #...........
##........... .........


You could see Nergalle and a spectral orc warrior.

Vanquished Creatures
  Harold (D:9)
  A two-headed ogre (D:8)
  3 death yaks
  A shadow (D:10)
  4 hungry ghosts
  5 orc warriors
  2 porcupines (D:9)
  2 ice beasts (D:9)
  3 sky beasts
  A black bear (D:6)
  A phantom (D:4)
  4 ogres
  A centaur (D:7)
  2 big kobolds
  5 bullfrogs
  A scorpion (D:9)
  9 wights
  15 howler monkeys
  5 crimson imps
  A jelly (D:10)
  3 hounds
  7 orc priests
  A bullfrog skeleton (D:5)
  A centaur skeleton (D:4)
  3 iguanas
  Ijyb (D:4)
  10 orc wizards
  A hell rat (D:9)
  7 worker ants
  A hound zombie (D:8)
  2 hound skeletons
  A worker ant zombie (D:5)
  6 adders
  7 gnolls
  2 river rats (D:9)
  3 shadow imps
  3 oozes (D:1)
  An adder skeleton (D:4)
  5 dart slugs
  6 leopard geckos
  39 orcs
  A ball python (D:1)
  6 giant cockroaches
  10 goblins
  10 hobgoblins
  21 jackals
  2 quokkas
  3 bats
  2 frilled lizards
  2 jackal skeletons (D:4)
  14 kobolds
  A leopard gecko skeleton (D:5)
  A quokka skeleton (D:7)
  A quokka zombie (D:5)
  4 rats
255 creatures vanquished.

Vanquished Creatures (others)
  A two-headed ogre (D:7)
  A cyclops (D:9)
  A hornet (D:10)
  5 dream sheep (D:4)
8 creatures vanquished.

Grand Total: 263 creatures vanquished

Notes
Turn   | Place    | Note
-------+----------+-------------------------------------------
     0 | Abyss:1  | IceCat the Formicid Abyssal Knight began the quest for the
                  | Orb.
     0 | Abyss:1  | Reached XP level 1. HP: 18/18 MP: 2/2
    48 | Abyss:1  | Noticed a large abomination
    82 | Abyss:1  | Noticed a wretched star
    84 | Abyss:1  | Noticed a red draconian
    85 | Abyss:1  | Noticed a starcursed mass
    87 | D:1      | Escaped the Abyss
   192 | D:1      | Reached XP level 2. HP: 10/24 MP: 3/3
   386 | D:1      | Reached * piety under Lugonu
   444 | D:1      | Reached XP level 3. HP: 27/30 MP: 4/4
   478 | D:1      | Reached skill level 1 in Dodging
   942 | D:2      | Reached XP level 4. HP: 35/37 MP: 6/6
   951 | D:2      | Found an opulent altar of Gozag.
  1256 | D:2      | Found a white marble altar of Elyvilon.
  1495 | D:2      | Reached ** piety under Lugonu
  1737 | D:3      | Noticed a sky beast
  1749 | D:3      | Killed a sky beast
  1749 | D:3      | Reached XP level 5. HP: 40/43 MP: 7/7
  1794 | D:3      | Reached XP level 6. HP: 28/49 MP: 8/8
  1939 | D:3      | Found a snail-covered altar of Cheibriados.
  2165 | D:3      | Found an iron altar of Okawaru.
  2367 | D:3      | Reached *** piety under Lugonu
  2378 | D:3      | Reached skill level 1 in Shields
  2405 | D:3      | Reached XP level 7. HP: 29/55 MP: 9/9
  2678 | D:4      | Noticed Ijyb
  2699 | D:4      | Killed Ijyb
  3240 | D:4      | Found a basalt altar of Yredelemnul.
  3643 | D:4      | Found a shimmering altar of Xom.
  3643 | D:4      | Noticed a dream sheep
  3643 | D:4      | Noticed a dream sheep
  3643 | D:4      | Noticed a dream sheep
  3643 | D:4      | Noticed a dream sheep
  3643 | D:4      | Noticed a dream sheep
  3649 | D:4      | Killed a dream sheep
  3649 | D:4      | Killed a dream sheep
  3649 | D:4      | Killed a dream sheep
  3649 | D:4      | Killed a dream sheep
  3649 | D:4      | Killed a dream sheep
  3702 | D:4      | Reached skill level 1 in Stealth
  3702 | D:4      | Reached XP level 8. HP: 41/61 MP: 11/11
  3896 | D:5      | Entered Level 5 of the Dungeon
  3909 | D:5      | Found Sufuw's Antique Weapon Emporium.
  4156 | D:5      | Reached skill level 5 in Fighting
  4156 | D:5      | Reached skill level 5 in Axes
  4156 | D:5      | Reached skill level 5 in Invocations
  4225 | D:5      | Reached **** piety under Lugonu
  4225 | D:5      | Reached skill level 5 in Armour
  4522 | D:5      | Reached XP level 9. HP: 68/68 MP: 13/13
  5159 | D:6      | Found a staircase to the Ecumenical Temple.
  5188 | Temple   | Entered the Ecumenical Temple
  6035 | D:7      | Noticed a two-headed ogre
  6322 | D:7      | Banished a two-headed ogre
  6408 | D:7      | Reached skill level 5 in Shields
  6445 | D:7      | Found a hazy altar of Hepliaklqana.
  6566 | D:7      | Identified Mypsoti's Disquisition on the Entrancing
                  | Volcanoes
  6971 | D:8      | Reached XP level 10. HP: 76/76 MP: 15/15
  6995 | D:8      | Found a stormy altar of Qazlal.
  7054 | D:8      | Paralysed by fainting for 6 turns
  7131 | D:8      | Noticed Joseph
  7144 | D:8      | Banished Joseph
  7352 | D:8      | Found a hide-covered altar of Uskayaw.
  7370 | D:8      | Noticed a two-headed ogre
  7405 | D:8      | Found a radiant altar of Vehumet.
  7691 | D:8      | Killed a two-headed ogre
  7978 | D:9      | Reached ***** piety under Lugonu
  9216 | D:9      | Found a staircase to the Orcish Mines.
  9301 | D:9      | Noticed a cyclops
  9533 | D:9      | Banished a cyclops
  9616 | D:9      | Reached XP level 11. HP: 83/83 MP: 16/16
  9735 | D:9      | Found a staircase to the Lair.
  9757 | D:9      | Noticed Harold
  9759 | D:9      | Noticed a death yak
  9764 | D:9      | Noticed a death yak
  9767 | D:9      | Noticed a death yak
 10384 | D:8      | Killed a death yak
 10808 | D:8      | Killed a death yak
 10957 | D:9      | Killed a death yak
 11204 | D:9      | Killed Harold
 11290 | D:10     | Entered Level 10 of the Dungeon
 11721 | D:10     | Noticed Nergalle
 11751 | D:10     | HP: 1/84 [spectral orc warrior/trident[Nergalle] (6)]
 11751 | D:10     | Killed from afar by Nergalle

Skill      XL: |  1  2  3  4  5  6  7  8  9 10 11 |
---------------+----------------------------------+-----
Fighting       | 4 5 6 7 |  7.6
Dodging        | 1 2 3 4 |  4.6
Axes           | 3 4 5 7 8 9 |  9.7
Armour         | 3 4 5 6 7 |  7.6
Invocations    | 3 4 5 6 7 9 |  9.2
Shields        | 1 2 3 5 7 8 |  8.1
Stealth        | 1 2 |  2.4
Maces & Flails | |  0.8
Evocations     | |  0.5

Action                   |  1- 3 |  4- 6 |  7- 9 | 10-12 || total
-------------------------+-------+-------+-------+-------++-------
Melee: Hand axe          |    29 |   138 |   459 |   224 ||   850
       Whip              |    30 |     5 |       |       ||    35
       War axe           |       |       |       |   224 ||   224
Invok: Depart the Abyss  |     1 |       |       |       ||     1
       Bend Space        |       |       |     1 |     6 ||     7
       Banish            |       |       |     1 |     7 ||     8
 Abil: Dig               |       |       |     1 |       ||     1
Evoke: Wand              |       |       |       |     7 ||     7
  Use: Scroll            |       |       |     8 |       ||     8
       Potion            |       |       |       |     1 ||     1
 Stab: Sleeping          |     1 |       |       |       ||     1
       Paralysed         |       |       |       |     4 ||     4
  Eat: Chunk             |       |     5 |    19 |    13 ||    37
       Ration            |       |       |       |     4 ||     4
Armor: Leather armour    |    17 |     3 |       |       ||    20
       Ring mail         |       |    46 |   128 |    74 ||   248
       Chain mail        |       |       |       |    53 ||    53
Dodge: Dodged            |    30 |    73 |   206 |   176 ||   485
Block: Buckler           |       |       |    58 |    76 ||   134
       Shield            |       |       |       |    91 ||    91
